 Dungeon Crawl Stone Soup version 0.18.1-48-g4cf74bf (webtiles) character file.

29466 rkrisztian the Severer (level 13, -17/119 HPs)
             Began as a Minotaur Berserker on Sept 3, 2016.
             Was a High Priest of Trog.
             Demolished by Rupert
             ... wielding a +3 great mace of protection
              (25 damage)
             ... on level 14 of the Dungeon on Sept 5, 2016.
             The game lasted 03:57:40 (16113 turns).

rkrisztian the Severer (Minotaur Berserker)        Turns: 16113, Time: 03:57:41

Health: -17/119    AC: 29    Str: 24    XL:     13   Next: 15%
Magic:  12/12      EV: 10    Int:  4    God:    Trog [*****.]
Gold:   382        SH:  0    Dex: 18    Spells: 0 memorised, 12 levels left

rFire  . . .     SeeInvis +     a - +1 battleaxe
rCold  . . .     Gourm    .     p - +4 chain mail
rNeg   . . .     Faith    .     (shield currently unavailable)
rPois  +         Spirit   .     (helmet restricted)
rElec  .         Dismiss  .     L - +0 cloak
rCorr  .         Reflect  .     q - +1 pair of gloves
SustAt .         Harm     .     o - +1 pair of boots
MR     ++...                    (no amulet)
Stlth  ..........               R - ring of see invisible
                                i - +5 ring of dexterity

@: regenerating, invisible, very resistant to hostile enchantments, extremely
unstealthy
A: retaliatory headbutt, horns 2, iridescent scales 1, thin metallic scales 1,
poison resistance
a: Berserk, Trog's Hand, Brothers in Arms, Burn Spellbooks, Renounce Religion


You were on level 14 of the Dungeon.
You worshipped Trog.
Trog was extremely pleased with you.
You were not hungry.

You visited 1 branch of the dungeon, and saw 14 of its levels.
You also visited: Sewer.

You collected 1012 gold pieces.
You spent 630 gold pieces at shops.

Inventory:

Hand Weapons
 a - a +1 battleaxe (weapon)
 b - a +4 arbalest of velocity
 K - the +2 arbalest "Dofa" {velocity, rC+}
   (Trog gifted it to you on level 8 of the Dungeon)

   Any bolt fired from it inflicts extra damage.
   It protects you from cold.
Missiles
 F - 10 poisoned tomahawks (quivered)
 I - 97 bolts
Armour
 o - a +1 pair of boots (worn)
 p - a +4 chain mail (worn)
 q - a +1 pair of gloves (worn)
 L - a +0 cloak (worn)
 P - a +1 scale mail of cold resistance
 Q - a troll hide
 U - a +0 scale mail of positive energy
Jewellery
 i - a +5 ring of dexterity (left hand)
 s - a +2 ring of dexterity
 t - an uncursed ring of resist corrosion
 w - an uncursed ring of positive energy
 R - a ring of see invisible (right hand)
Wands
 f - a wand of iceblast (1/15)
 h - a wand of lightning (5/15)
 j - a wand of acid (5/15)
 n - a wand of enslavement (24/24)
 B - a wand of lightning (10/15)
 G - a wand of paralysis (19/24)
 H - a wand of iceblast (8/15)
 J - a wand of slowing (28/48)
 N - a wand of polymorph (14/24)
Scrolls
 c - 11 scrolls of remove curse
 e - 7 scrolls of teleportation
 l - 16 scrolls of identify
 x - a scroll of blinking
 y - 3 scrolls of fog
 A - 4 scrolls of fear
 C - a scroll of recharging
 D - a scroll of enchant armour
 O - 4 scrolls of enchant weapon
Potions
 k - a potion of haste
 m - 2 potions of brilliance
 E - 4 potions of flight
 S - 3 potions of curing
Books
 g - a book of Misfortune

   Spells                             Type                      Level
   a - Confusing Touch                Hexes                        2
   b - Confuse                        Hexes                        3
   c - Gell's Gravitas                Hexes/Translocation          3
   d - Petrify                        Transmutation/Earth          4
   e - Metabolic Englaciation         Hexes/Ice                    5
   f - Yara's Violent Unravelling     Hexes/Transmutation          5
   Trog disapproves of the use of such an item.
 u - a Necronomicon

   Spells                             Type                      Level
   a - Haunt                          Necromancy/Summoning         7
   b - Borgnjor's Revivification      Necromancy                   8
   c - Death's Door                   Charms/Necromancy            8
   d - Necromutation                  Transmutation/Necromancy     8
   Trog disapproves of the use of such an item.
 v - a book of Unlife

   Spells                             Type                      Level
   a - Recall                         Summoning/Translocation      3
   b - Animate Dead                   Necromancy                   4
   c - Control Undead                 Necromancy                   4
   d - Cigotuvi's Embrace             Necromancy                   5
   e - Death Channel                  Necromancy                   6
   f - Simulacrum                     Ice/Necromancy               6
   Trog disapproves of the use of such an item.
 Z - a book of Cantrips

   Spells                             Type                      Level
   a - Corona                         Hexes                        1
   b - Animate Skeleton               Necromancy                   1
   c - Summon Small Mammal            Summoning                    1
   d - Apportation                    Translocation                1
   Trog disapproves of the use of such an item.
Comestibles
 d - 15 chunks of flesh
 r - 7 meat rations
 V - 9 royal jellies
 W - a beef jerky
 X - 4 fruits


   Skills:
 + Level 12.8 Fighting
 * Level 18.2 Axes
 + Level 3.6 Crossbows
 + Level 12.6 Armour
 - Level 2.3 Dodging
 - Level 2.4 Stealth


You had 12 spell levels left.
You didn't know any spells.

Dungeon Overview and Level Annotations

Branches:
Dungeon (14/15)            Temple (0/1) D:4            Lair (0/8) D:9
    Orc (0/2) D:9          Vaults (0/5) D:14

Altars:
Cheibriados
Elyvilon
Fedhas
Gozag
Makhleb
Pakellas
Qazlal
Ru
Sif Muna
Trog
Xom
The Shining One
Jiyva

Shops:
D:6 ?   D:10 :   D:11 }?*

Annotations:
D:14 Donald, Rupert


Innate Abilities, Weirdness & Mutations

You reflexively headbutt those who attack you in melee.
You have a pair of horns on your head.
You are partially covered in iridescent scales (AC +4).
You are partially covered in thin metallic scales (AC +2).
Your system is resistant to poisons.


Message History

The human hits you but does no damage.
Rupert hits you with a great mace of protection!!
* * * LOW HITPOINT WARNING * * *
The human hits you.
* * * LOW HITPOINT WARNING * * *
You can move again.
Your skin crawls.
You feel resistant to hostile enchantments.
You feel slightly more hungry.
The slime creature hits you but does no damage.
Rupert hits you with a great mace of protection!
* * * LOW HITPOINT WARNING * * *
The human hits you but does no damage. The human hits you.
* * * LOW HITPOINT WARNING * * *
Drink which item? (? for menu, Esc to quit)
You fade into invisibility!
The slime creature completely misses you.
You furiously retaliate!
You headbutt the slime creature!
Rupert hits you with a great mace of protection!!
You die...

≈.≈≈... .#.... ≈.≈≈P..
#.... .≈≈P.#. .... #
..P.... ##..#.#.#
#'#.... .... #.
......)####.# .####
......(.....###....#
..........Jp....#
..........@@....##..
##........p.........
#............#####.
#.....∩<.....####
#.....<>........#
#..........÷.##.#
#...........)##.#
#...............######
#....................#


You could see Rupert (berserk), a slime creature and 2 humans.

Vanquished Creatures
  Norris (D:14)
  Snorg (D:10)
  The ghost of ScarCow the Thrower, a journeyman DDFi of Makhleb (D:10)
  A death knight (D:11)
  2 centaur warriors
  An ogre mage (D:14)
  Urug (D:13)
  2 unseen horrors
  3 hill giants
  Pikel (D:6)
  3 ugly things
  The ghost of cba the Covert, a novice OpAs (D:6)
  A cyclops (D:11)
  A manticore (D:14)
  Psyche (D:8)
  2 gargoyles (D:11)
  A two-headed ogre (D:12)
  3 trolls
  A slime creature (D:10)
  2 shadows
  Sigmund (D:3)
  2 wyverns
  A wraith (D:13)
  7 yaks
  5 hippogriffs
  A hungry ghost (D:12)
  9 humans (D:14)
  A steam dragon (D:14)
  Grum (D:8)
  2 soldier ants
  A mottled dragon (D:13)
  4 water moccasins
  6 orc warriors
  5 ice beasts
  A black bear (D:10)
  3 sky beasts
  11 ogres
  3 wasps
  4 wolves (D:8)
  5 centaurs
  4 crocodiles
  Blork the orc (D:4)
  A big kobold (D:6)
  6 giant frogs
  A wyvern skeleton (D:14)
  2 scorpions
  4 wights (D:6)
  29 killer bees
  6 howler monkeys
  10 crimson imps
  5 centaur zombies
  A giant frog zombie (D:9)
  A quasit (D:5)
  3 orc priests
  6 hounds
  9 jellies
  10 orc wizards
  3 giant frog skeletons
  Crazy Yiuf (D:7)
  A centaur skeleton (D:5)
  Ijyb (D:2)
  4 iguanas
  7 worker ants
  A hound skeleton (D:8)
  A worker ant zombie (D:10)
  Robin (D:2)
  8 gnolls
  6 river rats
  13 adders
  4 shadow imps
  6 oozes
  4 adder zombies
  2 worms
  A dart slug (D:1)
  9 giant geckos
  65 orcs
  2 ball pythons
  7 giant cockroaches
  12 goblins
  19 hobgoblins
  15 jackals
  3 quokkas
  21 bats
  A giant gecko skeleton (D:5)
  7 giant newts
  4 hobgoblin zombies (D:5)
  44 kobolds
  2 kobold skeletons (D:5)
  A kobold zombie (D:5)
  3 orc skeletons (D:5)
  3 orc zombies (D:5)
  2 quokka zombies (D:5)
  19 rats
  3 fungi (D:9)
  3 plants (D:9)
511 creatures vanquished.

Vanquished Creatures (collateral kills)
  An efreet (D:14)
  3 humans (D:14)
  A necrophage (D:14)
  A wight (D:14)
6 creatures vanquished.

Vanquished Creatures (others)
  A black bear (D:6)
  2 electric eels (D:6)
  A lightning spire (D:6)
  9 kobolds (D:6)
  2 bushes (D:6)
  3 fungi (D:9)
  2 plants (D:9)
20 creatures vanquished.

Grand Total: 537 creatures vanquished

Notes
Turn   | Place    | Note
--------------------------------------------------------------
     0 | D:1      | rkrisztian the Minotaur Berserker began the quest for the Orb.
     0 | D:1      | Reached XP level 1. HP: 19/19 MP: 0/0
   170 | D:1      | Reached XP level 2. HP: 20/27 MP: 1/1
   182 | D:1      | Reached skill level 4 in Axes
   678 | D:1      | Reached XP level 3. HP: 11/33 MP: 2/2
   680 | D:1      | Reached ** piety under Trog
  1246 | D:2      | Reached skill level 5 in Axes
  1246 | D:2      | Reached XP level 4. HP: 41/41 MP: 3/3
  1458 | D:2      | Noticed Ijyb
  1463 | D:2      | Killed Ijyb
  1497 | D:2      | Reached skill level 1 in Stealth
  1514 | D:2      | Reached XP level 5. HP: 47/47 MP: 4/4
  1516 | D:2      | Noticed Robin
  1523 | D:2      | Killed Robin
  1766 | D:2      | Reached *** piety under Trog
  1766 | D:2      | Reached skill level 5 in Fighting
  1843 | D:3      | Found a burning altar of Makhleb.
  1844 | D:3      | Found a shimmering altar of Xom.
  1867 | D:3      | Reached skill level 6 in Axes
  1961 | D:3      | Reached XP level 6. HP: 45/56 MP: 5/5
  2047 | D:3      | Found a glowing golden altar of the Shining One.
  2073 | D:3      | Noticed Sigmund
  2103 | D:3      | Killed Sigmund
  2556 | D:4      | Noticed Blork the orc
  2563 | D:4      | Killed Blork the orc
  2563 | D:4      | Reached XP level 7. HP: 63/63 MP: 6/6
  2657 | D:4      | Found a blossoming altar of Fedhas.
  2809 | D:4      | Found a stormy altar of Qazlal.
  2880 | D:4      | Reached skill level 7 in Axes
  2888 | D:4      | Reached **** piety under Trog
  3019 | D:4      | Found a staircase to the Ecumenical Temple.
  3035 | D:4      | Found a snail-covered altar of Cheibriados.
  3038 | D:4      | Found a sacrificial altar of Ru.
  3038 | D:4      | Found a deep blue altar of Sif Muna.
  3229 | D:4      | Reached skill level 5 in Armour
  3367 | D:5      | Entered Level 5 of the Dungeon
  3544 | D:5      | Received a gift from Trog
  3563 | D:5      | Found a glowing drain.
  3567 | Sewer    | Entered a sewer
  3936 | D:5      | Reached XP level 8. HP: 73/73 MP: 7/7
  4150 | D:5      | Found a glowing golden altar of the Shining One.
  4178 | D:5      | Reached skill level 8 in Axes
  4989 | D:6      | Found Loheyf's Magic Scroll Shop.
  5001 | D:6      | Bought a scroll of fear for 38 gold pieces
  5001 | D:6      | Bought a scroll of identify for 22 gold pieces
  5001 | D:6      | Bought a scroll of identify for 22 gold pieces
  5001 | D:6      | Bought a scroll of identify for 22 gold pieces
  5001 | D:6      | Bought a scroll of fear for 38 gold pieces
  5044 | D:6      | Reached skill level 9 in Axes
  5123 | D:6      | Noticed cba's ghost (novice OpAs)
  5422 | D:6      | Noticed Pikel
  5431 | D:6      | Killed Pikel
  5431 | D:6      | Reached XP level 9. HP: 82/82 MP: 8/8
  5967 | D:6      | Reached skill level 10 in Axes
  6429 | D:6      | Found an oddly glowing altar of Pakellas.
  6433 | D:6      | Noticed a tengu reaver
  7153 | D:7      | Reached skill level 11 in Axes
  7154 | D:7      | Reached ***** piety under Trog
  7342 | D:7      | Found a bloodstained altar of Trog.
  7679 | D:7      | Reached XP level 10. HP: 88/91 MP: 9/9
  7734 | D:7      | Noticed Crazy Yiuf
  7753 | D:7      | Killed Crazy Yiuf
  7822 | D:7      | Received a gift from Trog
  8158 | D:8      | Noticed Psyche
  8175 | D:8      | Killed Psyche
  8175 | D:8      | Reached skill level 10 in Armour
  8355 | D:8      | Noticed Grum
  8376 | D:8      | Killed Grum
  8424 | D:8      | Received a gift from Trog
  8427 | D:8      | Got a faintly glowing arbalest {god gift}
  8447 | D:8      | Found an opulent altar of Gozag.
  8616 | D:8      | Reached skill level 12 in Axes
  9340 | D:6      | Killed cba's ghost
  9340 | D:6      | Reached skill level 10 in Fighting
  9683 | D:9      | Identified the +2 arbalest "Dofa" {velocity, rC+} (Trog gifted it to you on level 8 of the Dungeon)
 10116 | D:9      | Reached skill level 1 in Crossbows
 10151 | D:9      | Found a staircase to the Orcish Mines.
 10437 | D:9      | Found a staircase to the Lair.
 10508 | D:9      | Found a white marble altar of Elyvilon.
 10638 | D:9      | Reached XP level 11. HP: 98/101 MP: 10/10
 10645 | D:9      | Reached skill level 13 in Axes
 11215 | D:6      | Bought a scroll of remove curse for 33 gold pieces
 11215 | D:6      | Bought a scroll of remove curse for 33 gold pieces
 11215 | D:6      | Bought a scroll of remove curse for 33 gold pieces
 11281 | D:10     | Entered Level 10 of the Dungeon
 11303 | D:10     | Found Sanus's Book Emporium.
 11333 | D:10     | Received a gift from Trog
 11384 | D:10     | Found a viscous altar of Jiyva.
 11535 | D:10     | Gained mutation: You are partially covered in thin metallic scales (AC +2). [potion of mutation]
 11535 | D:10     | Gained mutation: You are partially covered in iridescent scales (AC +4). [potion of mutation]
 11535 | D:10     | Gained mutation: Your system is resistant to poisons. [potion of mutation]
 11594 | D:10     | Noticed ScarCow's ghost (journeyman DDFi)
 11608 | D:10     | Killed ScarCow's ghost
 11837 | D:10     | Reached skill level 14 in Axes
 11982 | D:10     | Noticed Snorg
 11991 | D:10     | Killed Snorg
 12018 | D:10     | Noticed a hill giant
 12028 | D:10     | Killed a hill giant
 12175 | D:11     | Noticed a death knight
 12190 | D:11     | Killed a death knight
 12398 | D:11     | Noticed a white ugly thing
 12410 | D:11     | Killed a white ugly thing
 12610 | D:11     | Reached skill level 15 in Axes
 12821 | D:11     | Found Wuukk's Magic Scroll Shop.
 12830 | D:11     | Noticed a green ugly thing
 12863 | D:11     | Killed a green ugly thing
 12902 | D:11     | Noticed a hill giant
 12911 | D:11     | Killed a hill giant
 12932 | D:11     | Bought a scroll of identify for 26 gold pieces
 12932 | D:11     | Bought a scroll of teleportation for 39 gold pieces
 12932 | D:11     | Bought a scroll of identify for 26 gold pieces
 12932 | D:11     | Bought a scroll of identify for 26 gold pieces
 12932 | D:11     | Bought a scroll of teleportation for 39 gold pieces
 12932 | D:11     | Bought a scroll of enchant armour for 97 gold pieces
 12932 | D:11     | Bought a scroll of enchant weapon for 97 gold pieces
 12932 | D:11     | Bought a scroll of remove curse for 39 gold pieces
 12974 | D:11     | Reached XP level 12. HP: 98/110 MP: 11/11
 13036 | D:11     | Found Lymin's Gadget Boutique.
 13306 | D:11     | Noticed an eight-headed hydra
 13556 | D:11     | Reached skill level 16 in Axes
 13613 | D:11     | Noticed a centaur warrior
 13622 | D:11     | Killed a centaur warrior
 13622 | D:11     | Received a gift from Trog
 13697 | D:11     | Found Vyhau's Assorted Antiques.
 14920 | D:13     | Found a labyrinth entrance.
 15100 | D:13     | Noticed Urug
 15108 | D:13     | Killed Urug
 15375 | D:13     | Reached skill level 17 in Axes
 15504 | D:13     | Noticed a centaur warrior
 15516 | D:13     | Killed a centaur warrior
 15602 | D:14     | Found a gate to the Vaults.
 15602 | D:14     | Noticed Norris
 15602 | D:14     | Noticed an ogre mage
 15602 | D:14     | Noticed Donald
 15602 | D:14     | Noticed Rupert
 15718 | D:14     | Killed an ogre mage
 15745 | D:14     | Paralysed by Norris for 5 turns
 15772 | D:14     | Killed Norris
 15772 | D:14     | Reached skill level 18 in Axes
 15772 | D:14     | Reached XP level 13. HP: 36/119 MP: 12/12
 16105 | D:14     | Paralysed by Rupert for 6 turns
 16113 | D:14     | Demolished by Rupert

Skill      XL: |  1  2  3  4  5  6  7  8  9 10 11 12 |
---------------+-------------------------------------+-----
Axes           | 4 5 6 7 9 11 12 15 18 | 18.2
Fighting       | 4 5 6 7 8 9 10 11 12 | 12.8
Armour         | 3 4 5 7 9 11 12 | 12.6
Stealth        | 1 2 |  2.4
Crossbows      | 1 3 |  3.6
Dodging        | |  2.3

Action                   |  1- 3 |  4- 6 |  7- 9 | 10-12 | 13-15 || total
-------------------------+-------+-------+-------+-------+-------++-------
Melee: Hand axe          |    78 |   110 |   372 |   260 |       ||   820
       Headbutt          |     8 |    23 |   102 |   223 |    10 ||   366
       War axe           |       |       |       |    78 |       ||    78
       Battleaxe         |       |       |       |   346 |    38 ||   384
       Arbalest          |       |       |       |     1 |       ||     1
 Fire: Arbalest          |       |       |       |    43 |       ||    43
Throw: Tomahawk          |       |       |     3 |    18 |       ||    21
       Throwing net      |       |       |       |     1 |       ||     1
Invok: Berserk           |     3 |     5 |     8 |    18 |       ||    34
       Trog's Hand       |       |     2 |     3 |     2 |     3 ||    10
       Brothers in Arms  |       |       |       |       |     2 ||     2
  Use: Potion            |     2 |     4 |     3 |     4 |     1 ||    14
       Scroll            |     2 |     5 |     7 |    12 |       ||    26
 Stab: Distracted        |     1 |       |       |       |       ||     1
       Sleeping          |       |     1 |       |       |       ||     1
       Invisible         |       |       |       |     2 |       ||     2
  Eat: Bread ration      |     1 |       |     1 |     1 |       ||     3
       Chunk             |       |     9 |    20 |    32 |     3 ||    64
       Beef jerky        |       |       |     1 |     3 |       ||     4
       Pizza             |       |       |     1 |     2 |       ||     3
Armor: Animal skin       |     6 |       |       |       |       ||     6
       Ring mail         |       |    46 |    10 |       |       ||    56
       Chain mail        |       |       |   170 |   352 |    49 ||   571
Dodge: Dodged            |    40 |    88 |   184 |   241 |    19 ||   572
